Cogmind - Beta 15 @@@ ROGUE MODE // 2025.05.13 @ 23:11:53 Player: Cholfo Result: Destroyed by 7T-91M(j) with Overtuned Pulse Rifle Performance ------------- Evolutions (0) 0 Regions Visited (3) 600 Robots Destroyed (22) 110 Value Destroyed (613) 613 Prototype IDs (11) 220 Alien Tech Used (0) 0 Bonus (800) 800 TOTAL SCORE: 2343 Bonus ------- Registered with UFD 300 Met Optimus in HQ 500 Cogmind --------- Core Integrity 0/250 Matter 300/300 Energy 150/150 System Corruption 0% Temperature Cool (24) Movement Treading (160) Ox1 Location -7/Scraptown Parts ------- > --- POWER (1) -------- Light Angular Momentum Engine > --- PROPULSION (2) --- Overtuned Treads > --- UTILITY (2) ------ Large Storage Unit Seismic Detector > --- WEAPON (2) ------- Companion Sword > --- INVENTORY (15) --- Overtuned Treads Overtuned Treads Improved Titanium Leg Myomer Leg Scrap Suit Matter Compressor (250) Machine Analyzer Improved Terrain Scanner Makeshift Terrain Scan Processor Armor Integrity Analyzer Makeshift Kinetic Plating High-powered Tractor Beam Peak State ------------ > --- POWER ------------ Light Angular Momentum Engine > --- PROPULSION ------- Advanced Treads Medium Treads > --- UTILITY ---------- Large Storage Unit Seismic Detector > --- WEAPON ----------- Heavy Machine Gun Companion Sword > --- INVENTORY -------- Light Angular Momentum Engine Armored Treads Myomer Leg Improved Heat Sink Matter Compressor Improved Terrain Scanner Makeshift Terrain Scan Processor Armor Integrity Analyzer Makeshift Kinetic Plating Scrap Shield High-powered Tractor Beam Barrage Gun Datajack Katana [Rating: 30] Favorites ----------- Power Light Angular Momentum Engine Engine Light Angular Momentum Engine Propulsion Carbon-fiber Leg Treads Medium Treads Leg Carbon-fiber Leg Wheel Wheel Utility Seismic Detector Device Seismic Detector Storage Large Storage Unit Protection Scrap Shield Weapon Light Assault Rifle Energy Gun Beamcaster Energy Cannon Heavy Plasma Cannon Ballistic Gun Light Assault Rifle Slashing Weapon Companion Sword Build | -11 -10 -10 -7 ------- Run | Yrd Mat Sub Scr Slots Evolved . | . . . . Power . | . . . . Propulsion . | . . . . Utility . | . . . . Weapon . | . . . . Parts Attached 31 | 9 7 6 9 Power 6 | 2 2 1 1 Engine 6 | 2 2 1 1 Core . | . . . . Reactor . | . . . . Propulsion 11 | 2 2 2 5 Treads 6 | 2 . . 4 Leg 3 | . . 2 1 Wheel 2 | . 2 . . Hover . | . . . . Flight . | . . . . Utility 6 | 3 1 2 . Device 3 | 2 . 1 . Storage 2 | 1 1 . . Processor . | . . . . Hackware . | . . . . Protection 1 | . . 1 . Artifact . | . . . . Weapon 8 | 2 2 1 3 Energy Gun 3 | 1 1 1 . Energy Cannon 1 | . . . 1 Ballistic Gun 3 | 1 1 . 1 Ballistic Cannon . | . . . . Launcher . | . . . . Special Weapon . | . . . . Impact Weapon . | . . . . Slashing Weapon 1 | . . . 1 Piercing Weapon . | . . . . Special Melee Weapon . | . . . . Unidentified Prototypes 1 | . . . 1 Parts Lost 6 | . 3 . 3 Power 2 | . 1 . 1 Propulsion 3 | . 1 . 2 Utility . | . . . . Weapon 1 | . 1 . . Highest Loss Streak 3 | . 3 . 2 To Critical Strikes . | . . . . Average Backups 10 | 3 9 5 12 Power . | . . . 1 Propulsion 1 | 1 1 . 2 Utility 5 | . 5 4 6 Weapon 1 | . 1 . 1 Tool/Special . | . . . . Unused Backups 27 | 1 1 9 16 Power 1 | . . 1 . Propulsion 5 | 1 . . 4 Utility 18 | . 1 8 9 Weapon 2 | . . . 2 Tool/Special 1 | . . . 1 Average Slot Usage (%) 95 | . 99 87 96 Engine 13 | . 13 14 13 Treads 13 | . 17 . 14 Leg 12 | . . 20 13 Wheel 2 | . 9 6 . Device 12 | . 14 2 14 Storage 12 | . 14 2 14 Protection 1 | . . 11 . Energy Gun 9 | . 14 14 7 Energy Cannon 1 | . . . 2 Ballistic Gun 11 | . 13 14 10 Slashing Weapon 2 | . . . 3 Peak Build Rating 30 | 9 9 22 30 Average Rating 20 | 6 8 18 24 On Entrance 9 | . 7 9 21 Naked Turns . | . . . . Heaviest Build 45 | 15 31 36 45 Greatest Support 50 | 40 40 30 50 Greatest Overweight (x) 3 | 3 2 1 1 Average Overweight (x) . | . . . . Largest Inventory Capacity 15 | 8 15 15 15 Average Capacity 13 | 7 14 6 15 Most Carried 15 | 5 14 15 15 Average Carried 11 | 3 9 5 13 Final Capacity 15 | 8 15 15 15 Final Carried 14 | 5 14 8 13 Class Distribution -------------------- 55% | Mutant 44% | Scavenger-Mutant Dominant Class ---------------- Mutant | -10/Materials Scavenger-Mutant | -10/Subcaves Mutant | -7/Scraptown Resources | -11 -10 -10 -7 ----------- Run | Yrd Mat Sub Scr Matter Collected 1108 | 208 456 94 350 Remotely . | . . . . Salvage Created 846 | 122 627 97 . Parts 56 | 9 39 8 . Haulers Intercepted 1 | . 1 . . Recyclers Shooed 1 | 1 . . . Parts Field Recycled . | . . . . Retrieved Matter . | . . . . Parts Self-Destructed 11 | . . 11 . Prevented . | . . . . Kills | -11 -10 -10 -7 ------- Run | Yrd Mat Sub Scr Combat Hostiles Destroyed 15 | . 13 2 . Guns 15 | . 13 2 . Classes Destroyed 6 | 2 3 1 . Tunneler 4 | 3 1 . . Hauler 1 | . 1 . . Recycler 1 | 1 . . . Watcher 1 | . 1 . . Grunt 13 | . 13 . . Subdweller 2 | . . 2 . Best Kill Streak 2 | 2 2 2 . Combat Bots Only 2 | . 2 2 . Max Kills in Single Turn 1 | 1 1 1 . Gunslinging . | . . . . Exploded . | . . . . Melee . | . . . . Uniques/NPCs Destroyed . | . . . . Combat | -11 -10 -10 -7 -------- Run | Yrd Mat Sub Scr Hostile Shots Fired 134 | . 72 24 38 Missed 28 | . 13 7 8 Hits 106 | . 59 17 30 Projectile 106 | . 59 17 30 Critical Strikes 3 | . 1 1 1 Damage Taken 1566 | . 705 347 514 Core 259 | . 131 23 105 Absorbed by Shields . | . . . . Core Remaining (%) 100 | 100 . . . Volleys Fired 87 | 11 52 24 . Largest 2 | 2 2 2 . Hottest 95 | 70 85 95 . Shots Fired 174 | 22 104 48 . Gun 174 | 22 104 48 . Cannon . | . . . . Launcher . | . . . . Special . | . . . . Kinetic 87 | 11 52 24 . Thermal 87 | 11 52 24 . Explosive . | . . . . Electromagnetic . | . . . . Robot Hit Streak 16 | 6 15 16 . Robot Miss Streak 5 | 2 3 5 . Penetration Max . | . . . . Secondary Targets 4 | . 3 1 . Max Gunslinging Chain 1 | . 1 1 . Shots Hit Robots 113 | 15 69 27 2 Core Hits 43 | 5 30 8 . Critical Kills . | . . . . Critical Parts Destroyed . | . . . . Critical Strikes 5 | 1 4 . . Burn 5 | 1 4 . . Melee Attacks 3 | . . . 3 Impact . | . . . . Slashing 3 | . . . 3 Piercing . | . . . . Sneak Attacks . | . . . . Combat Hostiles . | . . . . Follow-up Attacks . | . . . . Damage Inflicted 1580 | 198 932 356 94 Guns 1486 | 198 932 356 . Cannons . | . . . . Explosions . | . . . . Melee 94 | . . . 94 Ramming . | . . . . Kinetic 580 | 97 365 118 . Thermal 906 | 101 567 238 . Explosive . | . . . . Electromagnetic . | . . . . Impact . | . . . . Slashing 94 | . . . 94 Piercing . | . . . . Highest Corruption . | . . . . Average Corruption . | . . . . Corruption Purged . | . . . . Corruption Blocked . | . . . . Overload Shots . | . . . . Overflow Damage . | . . . . Projectiles . | . . . . Explosions . | . . . . Melee . | . . . . Knockbacks . | . . . . Impact . | . . . . Kinetic . | . . . . Secondary . | . . . . Self-Inflicted Damage . | . . . . Shots . | . . . . Rammed . | . . . . Targets Rammed . | . . . . Kicked . | . . . . Crushed . | . . . . Highest Temperature 267 | 36 267 48 15 Average Temperature 65 | 15 85 12 15 Received Heat Transfer 742 | . 411 54 277 Siege Activations . | . . . . Martial Activations . | . . . . Shielding Activations . | . . . . Robots Disrupted . | . . . . Combat Hostiles . | . . . . Robots Corrupted . | . . . . Combat Hostiles . | . . . . Parts Fried . | . . . . Impact Corruptions . | . . . . Robots Melted . | . . . . Combat Hostiles . | . . . . Parts Melted 3 | . 3 . . Heat Transferred 2590 | 370 1739 481 . Parts Sabotaged . | . . . . Parts Stolen . | . . . . Parts Stripped . | . . . . Power Chain Reactions . | . . . . Alert | -11 -10 -10 -7 ------- Run | Yrd Mat Sub Scr Maximum Alert Level . | . . . . Low Security (%) 100 | 100 100 . . Level 1 . | . . . . Level 2 . | . . . . Level 3 . | . . . . Level 4 . | . . . . Level 5 . | . . . . High Security . | . . . . Max Security . | . . . . Peak Influence 61 | 5 61 . . Initial . | . . . . Average 22 | 1 27 . . Influence Increases 375 | 20 355 . . Destroy 0b10 Robot/C 260 | . 260 . . Destroy 0b10 Robot/NC 35 | 20 15 . . Destroy Leader 74 | . 74 . . Successful Hack 6 | . 6 . . Influence Decreases 375 | 20 305 50 . Entered New Map 25 | . . 25 . Time Decay 320 | 20 275 25 . Lost Part 30 | . 30 . . Squads Dispatched 4 | . 4 . . Investigation 2 | . 2 . . Extermination . | . . . . Reinforcement 2 | . 2 . . Assault . | . . . . Garrison . | . . . . Intercept . | . . . . Searches Triggered . | . . . . Construction Impeded . | . . . . Haulers Reinforced . | . . . . Active Scanning Responses . | . . . . Cargo Convoy Interrupts . | . . . . Stealth | -11 -10 -10 -7 --------- Run | Yrd Mat Sub Scr Distress Signals 1 | . 1 . . Communications Jammed . | . . . . Distress Signals . | . . . . Times Spotted 59 | . 19 13 27 Peak Tracking Total 10 | . 4 5 10 Tactical Retreats . | . . . . Traps | -11 -10 -10 -7 ------- Run | Yrd Mat Sub Scr Traps Triggered 1 | . 1 . . Indirectly . | . . . . Trap Hack Attempts . | . . . . Triggered . | . . . . Disarmed . | . . . . Reprogrammed . | . . . . Reused . | . . . . Traps Extracted . | . . . . Installed . | . . . . Triggered . | . . . . Machines | -11 -10 -10 -7 ---------- Run | Yrd Mat Sub Scr Machines Disabled . | . . . . Max in Single Turn . | . . . . Machines Repaired . | . . . . Machines Dismantled . | . . . . Machines Sabotaged . | . . . . Overloaded Fab Kills . | . . . . Hacking | -11 -10 -10 -7 --------- Run | Yrd Mat Sub Scr Machines Accessed 15 | . 4 1 10 Terminals 4 | . 4 . . Fabricators . | . . . . Repair Stations . | . . . . Recycling Units . | . . . . Scanalyzers . | . . . . Garrison Access . | . . . . Total Hacks 90 | . 13 4 73 Successful 82 | . 5 4 73 Failed 8 | . 8 . . Catastrophic 1 | . 1 . . Database Lockouts . | . . . . Manual 10 | . 10 . . Terminals 13 | . 13 . . Fabricators . | . . . . Repair Stations . | . . . . Recycling Units . | . . . . Scanalyzers . | . . . . Garrison Access . | . . . . Terminal Hacks 79 | . 2 4 73 Record 76 | . . 4 72 Prototype ID Bank 1 | . 1 . . Open Door 1 | . . . 1 Registered Components 1 | . 1 . . Fabricator Hacks . | . . . . Repair Station Hacks . | . . . . Recycling Unit Hacks . | . . . . Scanalyzer . | . . . . Garrison Access Hacks . | . . . . Unauthorized Hacks 3 | . 3 . . Terminals 3 | . 3 . . Botnet 3 | . 3 . . Fabricators . | . . . . Repair Stations . | . . . . Recycling Units . | . . . . Scanalyzers . | . . . . Garrison Access . | . . . . Data Cores Recovered . | . . . . Used . | . . . . Hacking Detections 4 | . 4 . . Full Trace Events 1 | . 1 . . Feedback Events . | . . . . Feedback Blocked . | . . . . Robot Schematics Acquired . | . . . . Robots Built . | . . . . Authchips . | . . . . Time . | . . . . Total Robot Build Rating . | . . . . Part Schematics Acquired . | . . . . Parts Built . | . . . . Authchips . | . . . . Time . | . . . . Total Part Build Rating . | . . . . Parts Repaired . | . . . . Time . | . . . . Parts Recycled . | . . . . Recycled Matter . | . . . . Retrieved Matter . | . . . . Retrieved Components . | . . . . Parts Scanalyzed . | . . . . Part Schematics Acquired . | . . . . Parts Damaged . | . . . . Bothacking | -11 -10 -10 -7 ------------ Run | Yrd Mat Sub Scr Used RIF Installer . | . . . . Robots Hacked . | . . . . Non-combat . | . . . . Combat . | . . . . Robot Hacks Applied . | . . . . Relay Couplers Released . | . . . . Fabnet Peak Effective % . | . . . . Robots Rewired . | . . . . Allies Hacked . | . . . . Hacks Repelled . | . . . . Allies | -11 -10 -10 -7 -------- Run | Yrd Mat Sub Scr Total Allies . | . . . . Largest Group . | . . . . Highest-Rated Group . | . . . . Highest-Rated Ally . | . . . . Total Orders . | . . . . Ally Attacks . | . . . . Total Damage . | . . . . Kills . | . . . . Allies Corrupted . | . . . . Allies Melted 2 | . . . 2 Intel | -11 -10 -10 -7 ------- Run | Yrd Mat Sub Scr Active Infowar (turns) 3515 | 72 704 107 2632 Terrain 49 | 49 . . . Seismic 3466 | 23 704 107 2632 Robot Analysis Total . | . . . . Derelict Logs Recovered 1 | . . . 1 Drone Launches . | . . . . Drone Recoveries . | . . . . Exploration | -11 -10 -10 -7 ------------- Run | Yrd Mat Sub Scr Turns Passed 4108 | 190 704 582 2632 Spaces Moved 2273 | 87 359 278 1549 Core 5 | 5 . . . Treads 1139 | 82 164 . 893 Legs 855 | . . 199 656 Wheels 274 | . 195 79 . Hover . | . . . . Flight . | . . . . Fastest Speed 50 | 50 95 95 120 Average Speed 159 | 157 126 162 167 Slowest Speed 200 | 200 160 190 190 Overloaded Moves . | . . . . Propulsion Burnouts . | . . . . Robots Hopped . | . . . . Potential Cave-ins . | . . . . Cave-ins Triggered . | . . . . Exploration Rate (%) 44 | 6 63 18 90 Regions Visited 3 Branch Regions 2 Pre-discovered Areas 1 | . . 1 . Known Exits Taken . | . . . . Unknown Exits Taken 3 | 1 1 1 . Scrap Searched 10 | . . . 10 Spaces Dug 1 | . . . 1 Terrain Destroyed 1 | . . . 1 Melee 1 | . . . 1 Projectile . | . . . . AOE . | . . . . Terrain Rammed . | . . . . Walls Destroyed . | . . . . Machines Disabled . | . . . . Actions | -11 -10 -10 -7 --------- Run | Yrd Mat Sub Scr Total 2585 | 115 508 369 1593 Wait 110 | . 73 34 3 Move 2270 | 86 358 277 1549 Hop . | . . . . Pick Up 44 | 6 13 10 15 Fast Attach 11 | 6 . 3 2 Attach 10 | 2 3 3 2 Detach 1 | 1 . . . Swap 14 | 2 5 1 6 Drop 29 | 1 4 11 13 Fire 87 | 11 52 24 . Melee 3 | . . . 3 Ram . | . . . . Kick . | . . . . Crush . | . . . . Escape Stasis . | . . . . Rewire . | . . . . Trap . | . . . . Miscellaneous 6 | . . 6 . Route ------- -11/Scrapyard -10/Materials (discovered 4 exits: [*Mat x2] / [*Min] / *Sub) -10/Subcaves -7/Scraptown (discovered 2 exits: [*Fac x2]) History --------- Turn | Location | Event 6 | -11/Scrapyard | Discovered new exit (range 15) 191 | -11/Scrapyard | Entered Materials 312 | -10/Materials | Build established: Mutant 434 | -10/Materials | Discovered new exit (range 8) 635 | -10/Materials | Lost 3 parts (1p1n1w) 655 | -10/Materials | Discovered new exit (range 16) 816 | -10/Materials | Discovered new exit (range 11) 853 | -10/Materials | Core integrity fell below 50% 882 | -10/Materials | Discovered new exit (range 8) 895 | -10/Materials | Entered Subcaves 896 | -10/Subcaves | Approached by a straggling Scientist 985 | -10/Subcaves | Ambushed by swarm of Subdwellers 986 | -10/Subcaves | Visited Clippyterm 995 | -10/Subcaves | Learned location of Extension (-5) 1050 | -10/Subcaves | Shifting Twisted Machinery released Enh. Flamer 1055 | -10/Subcaves | Shifting Twisted Machinery released Mak. Kinetic Plating 1317 | -10/Subcaves | Build established: Scavenger-Mutant 1319 | -10/Subcaves | Scientist uncovered a shortcut to Scraptown 1477 | -10/Subcaves | Entered Scraptown 1825 | -7/Scraptown | Visited Cave Peace 1898 | -7/Scraptown | Visited Red Mages 1977 | -7/Scraptown | Visited Cyclists 2029 | -7/Scraptown | Heard Great Nut preacher, LISTEN AND RECITE! 2457 | -7/Scraptown | Discovered new exit (range 5) 2503 | -7/Scraptown | Scanned Subdweller tech in exchange for log data 2508 | -7/Scraptown | Learned Factory stockpile data 2624 | -7/Scraptown | Visited Bundlers 2745 | -7/Scraptown | Visited SPCMW 2792 | -7/Scraptown | Visited UFD Registry 2792 | -7/Scraptown | Registered with UFD as "Zeromind" 2830 | -7/Scraptown | Visited Fellowship of the Rings 2975 | -7/Scraptown | Build established: Mutant 3084 | -7/Scraptown | Entered Cyclist Reading Room 3208 | -7/Scraptown | Visited LU-1G1's Boring Crew 3282 | -7/Scraptown | Visited Curators Association 3343 | -7/Scraptown | Visited Sword Containment 3433 | -7/Scraptown | Found Scrap Suit 3498 | -7/Scraptown | Discovered new exit (range 5) 3553 | -7/Scraptown | Visited DA-N13 Charitable Foundation 3566 | -7/Scraptown | Found DCF Scrap (28 items) 3592 | -7/Scraptown | Visited Scrap Suit Storage 3651 | -7/Scraptown | Visited Derelict Rescue Squad 3709 | -7/Scraptown | Met Optimus 3709 | -7/Scraptown | Accepted into 0bPrime 3785 | -7/Scraptown | Visited Infowarlord's Domain 3847 | -7/Scraptown | Delivered Scrap Shield to a Scientist 3927 | -7/Scraptown | Civil war broke out across Scraptown 4063 | -7/Scraptown | Core integrity fell below 20% 4065 | -7/Scraptown | Lost 3 allies 4109 | -7/Scraptown | Destroyed by 7T-91M(j) with Overtuned Pulse Rifle Last Messages --------------- 04077_ 5A-ZP6(j) heat short circuits Ovr. Titanium Leg. 04078_ Bolt penetrates 5A-ZP6(j). 04081_ 5A-ZP6(j) destroyed. 04083_ 3P-LPG(j) cannibalizes Ovr. Titanium Leg to repair Ovr. Titanium Leg. 04086_ Ovr. Treads suddenly begins malfunctioning. 04087_ 7R-58G(h) heat damages core (-6). 04087_ Slug penetrates 4M-0UR(x). 04092_ 3P-LPG(j) cannibalizes Ovr. Titanium Leg to repair Ovr. Titanium Leg. 04094_ Ovr. Treads recovered from malfunction. 04094_ Med. Treads destroyed. 04100_ Slug penetrates Wall. 04100_ Slug penetrates 3P-LPG(j). 04100_ 3P-LPG(j) destroyed. 04102_ Acquired 10 matter. 04108_ Ovr. Treads destroyed. 04109_ 2G-3VV(j) suffers critical hit (Burn). Map ----- +----------------------------------------------------+ | ?????????????????????????????????????????????????? | | ?????????????????????????????????????????????????? | | ?????????????????????????????????????????????????? | | ?????????????????????????????????????????????????? | | ?????????????????????????????????????????????????? | | ?????????????????????????????????????????????????? | | ??????????????????????????????#####??????????????? | | ??????????????????????????????#"""#??????????????? | | ##################???####?????#" "#??????????????? | | ""##"""##""|##"""#??## ##????# < #??????????????? | | " ##""!##""|##! "#### ###### ##?????????????? | | " [ / #?????????????? | | [ #?????????????? | | ##################### ###########?????????????? | | ????????????????????## ##???????????????????????? | | ?###?###??############ #????????????????????????? | | ?#"###"#??# ##! #????????????????????????? | | ## "!" #### ##! #????????????????????????? | | """ "# ] ## [#????????????????????????? | | "" ""## ## *#????????????????????????? | | !" "=## ## *##########???????????????? | | "" ""## ##% [= ##**=#???????????????? | | "##### #####!! !!/ ## !*#???????????????? | | "" ""###### X###?#* #j%!*!]%*#???????????????? | | !" "/#?# #?#![# !=![[!/#???????????????? | | "" ""### ### #@!=*=!/!#???????????????? | | "## ##"=!;![==*[==#???????????????? | | #### ########### ####;!*;#%%######???????????????? | | #### ########### ####;%=;#j!#????????????????????? | | """" """""""" "!"! "x=j *"#############????????? | | %! [%!%g *j=!= "## #"""""#""#????????? | | =%!*! = !j[% !["## !!!! !#????????? | | !== g **!"##!* #????????? | | ! =*[!##*% #????????? | | =!!%=%[!![ X" #????????? | | """""""""""""""" """"" % !"##!! ##"#????????? | | """"""""""""""""""""" =!="##== !!! #???????????? | | ## ################""x * !"## #"""""#???????????? | | ##????????#"" [%=!"##"###########???????? | | X"#????????# [!!=!"## """"""""#???????? | | "" "" ##????????# !=!!%!=*#[ *" " " "#???????? | | " "" X"#??????###!!=![=%=##=*% ""#???????? | | " ######### #"%%!%*=!##![= & "#???????? | | "" ![%=![!=[%*%=!= &"#???????? | | "" [=!*%=**!!##*[ &"#???????? | | " ######### #"=!!==!%##!==" " " "#???????? | | " "" ""#??????###""=%*!= ##! """"""""#???????? | | "" "" ##????????#""![! "##############???????? | | X"#????????#" = "#????????????????????? | | ##????????#"" ! "###########??????????? | +----------------------------------------------------+ Best States ------------- Heat Dissipation 25 Energy Generation 18 Energy Capacity 250 Matter Stores 300 Matter Capacity 300 Sight Range 16 Terrain Scan Range 16 Terrain Scan Density 10 Armor Coverage 800 Evasion (%) 45 Recoil Reduction 2 Item Schematics ----------------- None Robot Schematics ------------------ None Fabricated ------------ Nothing Repaired ---------- Nothing Alien Tech Used ----------------- None Achievements -------------- None Challenges ------------ None Game ------ Seed ThiefLinearStreamer Manual? 0 Play Time 00:53:16 Cumulative 12.1 hours Start 2025.05.13 @ 22:16:43 End 2025.05.13 @ 23:11:53 Sessions 1 Manual Loads 0 Difficulty Rogue Special Mode None Game No. 11 Rogue 11 Adventurer 0 Explorer 0 Win Type - Total 0 Types 0/0/0/0/0/0/0/0/0/0 Lore% 21 Gallery% 18 Achievement% 19 Wizard Run 0 Options --------- Layout 1 ASCII 0 Keyboard 1 Movement Numpad Keybinds 0 Fullscreen 2 Font 32/SmallcapsGlow Map View 50x35 Zoom Use 0% Tactical HUD 1 Map Filters NONE Filters NONE Steam 1 RUN: 51fbb87b-8e41-462f-aebd-187d8199ac8b